TOP OF THE 1ST |
Louisiana Dragoons batting - Pitching for Kennesaw Jets : RHP Rikkarti Gudmundur
|
Pitching: RHP Rikkarti Gudmundur
|
|
Batting: RHB Reynaldo Padilla
|
0-0: Called Strike 0-1: Ball 1-1: Fly out, F3 (Popup, 3L)
|
Batting: SHB Yun-qi Chien
|
0-0: Ball 1-0: Called Strike 1-1: Ball 2-1: Swinging Strike 2-2: Ball 3-2: Base on Balls
|
Batting: LHB Walt Trombly
|
0-0: Ball Yun-qi Chien steals 2nd base 1-0: SINGLE (Groundball, 25) (infield hit) Yun-qi Chien to third
|
Batting: LHB Ken Gill
|
0-0: Ball 1-0: Called Strike 1-1: Ball 2-1: Fielders Choice at 2nd, 3-6 (Groundball, 3) Yun-qi Chien scores
|
Batting: LHB Connor Petty
|
0-0: Ball 1-0: Foul Ball, location: 2F 1-1: Ball 2-1: DOUBLE (Line Drive, 9LM) Ken Gill to third Runner from 3rd tries for Home, SAFE, no throw
|
Batting: SHB Francisco Enríquez
|
0-0: Foul Ball, location: 2F 0-1: Called Strike 0-2: Strikes out looking
|
Top of the 1st over - 2 runs, 2 hits, 0 errors, 1 left on base; Louisiana 2 - Kennesaw 0 |
BOTTOM OF THE 1ST |
Kennesaw Jets batting - Pitching for Louisiana Dragoons : RHP Darweshi Hadiya
|
Pitching: RHP Darweshi Hadiya
|
|
Batting: RHB Javier De La Garza
|
0-0: Called Strike 0-1: Ball 1-1: Foul Ball, location: 2F 1-2: Ground out 5-3 (Groundball, 56S)
|
Batting: RHB John Shultz
|
0-0: Ball 1-0: Foul Ball, location: 2F 1-1: Foul Ball, location: 2F 1-2: Ball 2-2: Foul Ball, location: 2F 2-2: Foul Ball, location: 2F 2-2: Foul Ball, location: 2F 2-2: Ball 3-2: Strikes out swinging
|
Batting: LHB Thierry Honoré
|
0-0: Foul Ball, location: 2F 0-1: SINGLE (Line Drive, 7LS)
|
Batting: LHB Rob Rodríguez
|
0-0: SINGLE (Line Drive, 7LS) Thierry Honoré to second
|
Batting: LHB Sandor Addicks
|
0-0: Called Strike 0-1: Ball 1-1: Swinging Strike 1-2: Strikes out swinging
|
Bottom of the 1st over - 0 runs, 2 hits, 0 errors, 2 left on base; Louisiana 2 - Kennesaw 0 |
TOP OF THE 2ND |
Louisiana Dragoons batting - Pitching for Kennesaw Jets : RHP Rikkarti Gudmundur
|
Batting: LHB Randy Sallah
|
0-0: Swinging Strike 0-1: Foul Ball, location: 2F 0-2: Ball 1-2: Strikes out swinging
|
Batting: RHB George Rardin
|
0-0: Ball 1-0: Foul Ball, location: 2F 1-1: Ball 2-1: Foul Ball, location: 2F 2-2: Strikes out swinging
|
Batting: RHB Mike Printup
|
0-0: Called Strike 0-1: Foul Ball, location: 2F 0-2: Ball 1-2: Ball 2-2: Foul Ball, location: 2F 2-2: Ball 3-2: SINGLE (Groundball, 4M) (infield hit)
|
Pinch Runner at 1st Carlos Amaya:
|
|
Batting: RHB Reynaldo Padilla
|
0-0: Ball Carlos Amaya is caught stealing 2nd base
|
Top of the 2nd over - 0 runs, 1 hit, 0 errors, 0 left on base; Louisiana 2 - Kennesaw 0 |
BOTTOM OF THE 2ND |
Kennesaw Jets batting - Pitching for Louisiana Dragoons : RHP Darweshi Hadiya
|
Now at SS: Carlos Amaya
|
|
Batting: SHB Alfred Owen
|
0-0: Ball 1-0: SINGLE (Line Drive, 34D)
|
Batting: RHB Miguel Angel Montaño
|
0-0: Ball 1-0: Fly out, F4 (Flyball, 4D)
|
Batting: SHB Jack MacJarrow
|
0-0: Foul Ball, location: 2F 0-1: SINGLE (Groundball, 34D) Alfred Owen to second
|
Batting: RHB Jason Hopdown
|
0-0: Called Strike 0-1: Swinging Strike 0-2: Strikes out swinging
|
Batting: RHB Javier De La Garza
|
0-0: Fielders Choice at 2nd, 6-4 (Groundball, 6)
|
Bottom of the 2nd over - 0 runs, 2 hits, 0 errors, 2 left on base; Louisiana 2 - Kennesaw 0 |
TOP OF THE 3RD |
Louisiana Dragoons batting - Pitching for Kennesaw Jets : RHP Rikkarti Gudmundur
|
Batting: RHB Reynaldo Padilla
|
0-0: Ball 1-0: Swinging Strike 1-1: Ball 2-1: Ball 3-1: Base on Balls
|
Batting: SHB Yun-qi Chien
|
0-0: Ball 1-0: Swinging Strike 1-1: Ball 2-1: Called Strike 2-2: Ball 3-2: Fielders Choice at 2nd, 6-4 (Groundball, 6)
|
Batting: LHB Walt Trombly
|
0-0: Ball Yun-qi Chien steals 2nd base 1-0: Ball 2-0: SINGLE (Line Drive, 6MD) Yun-qi Chien to third Runner from 3rd tries for Home, SAFE, no throw
|
Batting: LHB Ken Gill
|
0-0: Ball 1-0: Ball 2-0: Called Strike Walt Trombly steals 2nd base 2-1: Ball Throwing error on steal attempt, E2 Walt Trombly scores 3-1: Called Strike 3-2: Ground out U3 (Groundball, 3S)
|
Batting: LHB Connor Petty
|
0-0: Ball 1-0: SINGLE (Groundball, 6MD)
|
Batting: SHB Francisco Enríquez
|
0-0: Called Strike 0-1: Foul Ball, location: 2F 0-2: DOUBLE (Line Drive, 78D) Connor Petty to third Runner from 3rd tries for Home, SAFE, no throw
|
Batting: LHB Randy Sallah
|
0-0: Called Strike 0-1: Fly out, F9 (Flyball, 9S)
|
Top of the 3rd over - 3 runs, 3 hits, 1 error, 1 left on base; Louisiana 5 - Kennesaw 0 |
BOTTOM OF THE 3RD |
Kennesaw Jets batting - Pitching for Louisiana Dragoons : RHP Darweshi Hadiya
|
Batting: RHB John Shultz
|
0-0: SINGLE (Groundball, 34D)
|
Batting: LHB Thierry Honoré
|
0-0: Ball 1-0: Called Strike 1-1: Foul Ball, location: 2F 1-2: Strikes out looking
|
Batting: LHB Rob Rodríguez
|
0-0: Fielders Choice at 2nd, 1-4 (Groundball, 15)
|
Batting: LHB Sandor Addicks
|
0-0: Foul Ball, location: 2F 0-1: SINGLE (Line Drive, 78S) Rob Rodríguez to second
|
Batting: SHB Alfred Owen
|
0-0: Swinging Strike 0-1: Ball 1-1: SINGLE (Groundball, 34D) Rob Rodríguez to third Sandor Addicks to second Runner from 3rd tries for Home, SAFE, no throw
|
Batting: RHB Miguel Angel Montaño
|
0-0: SINGLE (Line Drive, 78S) Sandor Addicks to third Alfred Owen to second Runner from 3rd tries for Home, SAFE, no throw
|
Batting: SHB Jack MacJarrow
|
0-0: Ball 1-0: Ball 2-0: Called Strike 2-1: Called Strike 2-2: Fly out, F7 (Flyball, 78D)
|
Bottom of the 3rd over - 2 runs, 4 hits, 0 errors, 2 left on base; Louisiana 5 - Kennesaw 2 |
TOP OF THE 4TH |
Louisiana Dragoons batting - Pitching for Kennesaw Jets : RHP Rikkarti Gudmundur
|
Batting: RHB George Rardin
|
0-0: Called Strike 0-1: Called Strike 0-2: Ball 1-2: Strikes out swinging
|
Batting: RHB Carlos Amaya
|
0-0: Swinging Strike 0-1: Ball 1-1: Foul Ball, location: 2F 1-2: Ball 2-2: SINGLE (Groundball, 6) (infield hit)
|
Batting: RHB Reynaldo Padilla
|
0-0: Ball 1-0: Swinging Strike 1-1: Called Strike 1-2: Foul Ball, location: 2F 1-2: Ball 2-2: 2-RUN HOME RUN (Flyball, 78XD), Distance : 387 ft
|
Batting: SHB Yun-qi Chien
|
0-0: Called Strike 0-1: Ball 1-1: Ball 2-1: Ground out 4-3 (Groundball, 4)
|
Batting: LHB Walt Trombly
|
0-0: Foul Ball, location: 2F 0-1: Ball 1-1: Ball 2-1: Ball 3-1: Base on Balls
|
Pitching: RHP Bill Wallace
|
|
Batting: LHB Ken Gill
|
0-0: Ball 1-0: Called Strike 1-1: Ball 2-1: Ball 3-1: Foul Ball, location: 2F 3-2: Foul Ball, location: 2F 3-2: Strikes out swinging
|
Top of the 4th over - 2 runs, 2 hits, 0 errors, 1 left on base; Louisiana 7 - Kennesaw 2 |
BOTTOM OF THE 4TH |
Kennesaw Jets batting - Pitching for Louisiana Dragoons : RHP Darweshi Hadiya
|
Batting: RHB Jason Hopdown
|
0-0: Swinging Strike 0-1: Swinging Strike 0-2: Ball 1-2: Ball 2-2: Strikes out swinging
|
Batting: RHB Javier De La Garza
|
0-0: Swinging Strike 0-1: Called Strike 0-2: Ball 1-2: Foul Ball, location: 2F 1-2: Foul Ball, location: 2F 1-2: Strikes out swinging
|
Batting: RHB John Shultz
|
0-0: Called Strike 0-1: SINGLE (Groundball, 6MS) (infield hit)
|
Batting: LHB Thierry Honoré
|
0-0: Ball 1-0: Ball 2-0: SINGLE (Groundball, 25) (infield hit) John Shultz to second
|
Batting: LHB Rob Rodríguez
|
0-0: Fly out, F7 (Flyball, 7D)
|
Bottom of the 4th over - 0 runs, 2 hits, 0 errors, 2 left on base; Louisiana 7 - Kennesaw 2 |
TOP OF THE 5TH |
Louisiana Dragoons batting - Pitching for Kennesaw Jets : RHP Bill Wallace
|
Batting: LHB Connor Petty
|
0-0: Called Strike 0-1: Foul Ball, location: 2F 0-2: Ball 1-2: Ball 2-2: DOUBLE (Line Drive, 9LS)
|
Batting: SHB Francisco Enríquez
|
0-0: Called Strike 0-1: Swinging Strike 0-2: Strikes out looking
|
Batting: LHB Randy Sallah
|
0-0: 2-RUN HOME RUN (Flyball, 9D), Distance : 334 ft
|
Batting: RHB George Rardin
|
0-0: Ball 1-0: Called Strike 1-1: Fly out, F7 (Flyball, 7D)
|
Batting: RHB Carlos Amaya
|
0-0: Foul Ball, location: 2F 0-1: Called Strike 0-2: Ball 1-2: Strikes out swinging
|
Top of the 5th over - 2 runs, 2 hits, 0 errors, 0 left on base; Louisiana 9 - Kennesaw 2 |
BOTTOM OF THE 5TH |
Kennesaw Jets batting - Pitching for Louisiana Dragoons : RHP Darweshi Hadiya
|
Batting: LHB Sandor Addicks
|
0-0: Ground out 4-3 (Groundball, 4)
|
Batting: SHB Alfred Owen
|
0-0: Called Strike 0-1: Ball 1-1: SINGLE (Groundball, 3D)
|
Batting: RHB Miguel Angel Montaño
|
0-0: Swinging Strike 0-1: Called Strike 0-2: Ball 1-2: Strikes out swinging
|
Batting: SHB Jack MacJarrow
|
0-0: Ground out 4-3 (Groundball, 4)
|
Bottom of the 5th over - 0 runs, 1 hit, 0 errors, 1 left on base; Louisiana 9 - Kennesaw 2 |
TOP OF THE 6TH |
Louisiana Dragoons batting - Pitching for Kennesaw Jets : RHP Bill Wallace
|
Batting: RHB Reynaldo Padilla
|
0-0: Foul Ball, location: 2F 0-1: Ground out 5-3 (Groundball, 56)
|
Batting: SHB Yun-qi Chien
|
0-0: Ball 1-0: Ball 2-0: Foul Ball, location: 2F 2-1: Ball 3-1: Swinging Strike 3-2: Foul Ball, location: 2F 3-2: Foul Ball, location: 2F 3-2: Ground out 6-3 (Groundball, 6)
|
Batting: LHB Walt Trombly
|
0-0: Fly out, F1 (Line Drive, 13)
|
Top of the 6th over - 0 runs, 0 hits, 0 errors, 0 left on base; Louisiana 9 - Kennesaw 2 |
BOTTOM OF THE 6TH |
Kennesaw Jets batting - Pitching for Louisiana Dragoons : RHP Darweshi Hadiya
|
Batting: RHB Jason Hopdown
|
0-0: Called Strike 0-1: Called Strike 0-2: Ball 1-2: Foul Ball, location: 2F 1-2: Ball 2-2: Ball 3-2: Fly out, F9 (Flyball, 89S)
|
Batting: RHB Javier De La Garza
|
0-0: SINGLE (Groundball, 2R) (infield hit)
|
Batting: RHB John Shultz
|
0-0: Grounds into double play, 4-6-3 (Groundball, 4M)
|
Bottom of the 6th over - 0 runs, 1 hit, 0 errors, 0 left on base; Louisiana 9 - Kennesaw 2 |
TOP OF THE 7TH |
Louisiana Dragoons batting - Pitching for Kennesaw Jets : RHP Bill Wallace
|
Batting: LHB Ken Gill
|
0-0: Ball 1-0: Foul Ball, location: 2F 1-1: Foul Ball, location: 2F 1-2: DOUBLE (Flyball, 89D)
|
Batting: LHB Connor Petty
|
0-0: Ball 1-0: Ball 2-0: Called Strike 2-1: Swinging Strike 2-2: Strikes out swinging
|
Batting: SHB Francisco Enríquez
|
0-0: Swinging Strike 0-1: Fly out, F8 (Flyball, 8LM)
|
Batting: LHB Randy Sallah
|
0-0: Foul Ball, location: 2F 0-1: Swinging Strike 0-2: Ground out 5-3 (Groundball, 56S)
|
Top of the 7th over - 0 runs, 1 hit, 0 errors, 1 left on base; Louisiana 9 - Kennesaw 2 |
BOTTOM OF THE 7TH |
Kennesaw Jets batting - Pitching for Louisiana Dragoons : RHP Darweshi Hadiya
|
Batting: LHB Thierry Honoré
|
0-0: Ball 1-0: Called Strike 1-1: Ground out 6-3 (Groundball, 6S)
|
Batting: LHB Rob Rodríguez
|
0-0: Called Strike 0-1: Swinging Strike 0-2: Ball 1-2: Strikes out swinging
|
Batting: LHB Sandor Addicks
|
0-0: Foul Ball, location: 2F 0-1: Foul Ball, location: 2F 0-2: Strikes out swinging
|
Bottom of the 7th over - 0 runs, 0 hits, 0 errors, 0 left on base; Louisiana 9 - Kennesaw 2 |
TOP OF THE 8TH |
Louisiana Dragoons batting - Pitching for Kennesaw Jets : RHP Bill Wallace
|
Batting: RHB George Rardin
|
0-0: Called Strike 0-1: Fly out, F5 (Line Drive, 56)
|
Batting: RHB Carlos Amaya
|
0-0: Ground out 5-3 (Groundball, 56S)
|
Pinch Hitting: LHB António Candelária
|
0-0: Called Strike 0-1: Swinging Strike 0-2: Strikes out looking
|
Top of the 8th over - 0 runs, 0 hits, 0 errors, 0 left on base; Louisiana 9 - Kennesaw 2 |
BOTTOM OF THE 8TH |
Kennesaw Jets batting - Pitching for Louisiana Dragoons : RHP Darweshi Hadiya
|
Pitching: RHP Ricardo Ferreira
|
|
Now in RF: António Candelária
|
|
Batting: SHB Alfred Owen
|
0-0: Ground out 6-3 (Groundball, P)
|
Batting: RHB Miguel Angel Montaño
|
0-0: Ball 1-0: Ball 2-0: Called Strike 2-1: Fly out, F9 (Line Drive, 9)
|
Batting: SHB Jack MacJarrow
|
0-0: Ball 1-0: Ball 2-0: Ball 3-0: Base on Balls
|
Batting: RHB Jason Hopdown
|
0-0: Swinging Strike 0-1: Called Strike 0-2: Ball 1-2: Foul Ball, location: 2F 1-2: Ball 2-2: Foul Ball, location: 2F 2-2: Ball 3-2: Fly out, F8 (Line Drive, 8LM)
|
Bottom of the 8th over - 0 runs, 0 hits, 0 errors, 1 left on base; Louisiana 9 - Kennesaw 2 |
TOP OF THE 9TH |
Louisiana Dragoons batting - Pitching for Kennesaw Jets : RHP Bill Wallace
|
Batting: SHB Yun-qi Chien
|
0-0: Foul Ball, location: 2F 0-1: Fly out, F7 (Line Drive, 7S)
|
Batting: LHB Walt Trombly
|
0-0: Ball 1-0: Foul Ball, location: 2F 1-1: Foul Ball, location: 2F 1-2: Fly out, F8 (Flyball, 8RM)
|
Batting: LHB Ken Gill
|
0-0: Ball 1-0: Ball 2-0: Ball 3-0: Called Strike 3-1: Called Strike 3-2: Fly out, F8 (Flyball, 78XD)
|
Top of the 9th over - 0 runs, 0 hits, 0 errors, 0 left on base; Louisiana 9 - Kennesaw 2 |
BOTTOM OF THE 9TH |
Kennesaw Jets batting - Pitching for Louisiana Dragoons : RHP Ricardo Ferreira
|
Batting: RHB Javier De La Garza
|
0-0: Ball 1-0: Called Strike 1-1: Ball 2-1: Foul Ball, location: 2F 2-2: Strikes out swinging
|
Batting: RHB John Shultz
|
0-0: Fly out, F9 (Flyball, 9LS)
|
Batting: LHB Thierry Honoré
|
0-0: Called Strike 0-1: Swinging Strike 0-2: Ball 1-2: Fly out, F7 (Flyball, 78M)
|
Bottom of the 9th over - 0 runs, 0 hits, 0 errors, 0 left on base; Louisiana 9 - Kennesaw 2 |
|